IL
CHARLOTTE KNIGHTS @ TOLEDO MUD HENS
08/23/2044
 
TOP OF THE 1ST
Charlotte Knights batting - Pitching for Toledo Mud Hens : RHP Wayne McAllister
Pitching: RHP Wayne McAllister
Batting: RHB Jake Savell 0-0: Ball
1-0: Swinging Strike
1-1: Called Strike
1-2: Ball
2-2: Ground out 6-3 (Groundball, 6MS, EV 72.5 MPH)
Batting: RHB Jeff Brower 0-0: Ball
1-0: Foul Ball, location: 2F
1-1: Foul Ball, location: 2F
1-2: Strikes out swinging
Batting: LHB Sonny Flood 0-0: Foul Ball, location: 2F
0-1: Ball
1-1: Swinging Strike
1-2: Ground out 4-3 (Groundball, 4, EV 84.4 MPH)
Top of the 1st over - 0 runs, 0 hits, 0 errors, 0 left on base; Charlotte 0 - Toledo 0
BOTTOM OF THE 1ST
Toledo Mud Hens batting - Pitching for Charlotte Knights : RHP David Avelar
Pitching: RHP David Avelar
Batting: RHB Brady Jeleniewski 0-0: Called Strike
0-1: Swinging Strike
0-2: Foul Ball, location: 2F
0-2: Ground out 5-3 (Groundball, 56S, EV 85.0 MPH)
Batting: LHB Jamel Alexander 0-0: Ground out 6-3 (Groundball, 6S, EV 68.8 MPH)
Batting: RHB Tim Borden 0-0: Ball
1-0: Foul Ball, location: 2F
1-1: Foul Ball, location: 2F
1-2: Ball
2-2: Ball
3-2: Foul Ball, location: 2F
3-2: Strikes out looking
Bottom of the 1st over - 0 runs, 0 hits, 0 errors, 0 left on base; Charlotte 0 - Toledo 0
TOP OF THE 2ND
Charlotte Knights batting - Pitching for Toledo Mud Hens : RHP Wayne McAllister
Batting: LHB Brian Dickeson 0-0: Called Strike
0-1: Fly out, F9 (Flyball, 89S, EV 82.5 MPH)
Batting: RHB Will Washburn 0-0: Foul Ball, location: 2F
0-1: Ball
1-1: Foul Ball, location: 2F
1-2: Foul Ball, location: 2F
1-2: DOUBLE (Line Drive, 78XD, EV 101.9 MPH)
Batting: RHB Darwin Mills 0-0: Foul Ball, location: 2F
0-1: Ball
1-1: Ball
2-1: 2-RUN HOME RUN (Flyball, 8LXD, EV 104.4 MPH), Distance : 406 ft
Batting: RHB Erik Christensen 0-0: Ground out 5-3 (Groundball, 56S, EV 70.6 MPH)
Batting: RHB Harvey Harvey 0-0: Fly out, F5 (Line Drive, 5, EV 63.1 MPH)
Top of the 2nd over - 2 runs, 2 hits, 0 errors, 0 left on base; Charlotte 2 - Toledo 0
BOTTOM OF THE 2ND
Toledo Mud Hens batting - Pitching for Charlotte Knights : RHP David Avelar
Batting: RHB Dave Calder 0-0: Called Strike
0-1: Ball
1-1: SINGLE (Groundball, 4D, EV 106.3 MPH)
Batting: RHB Zach Koblinski 0-0: Ball
1-0: Ball
2-0: Grounds into double play, 5-4-3 (Groundball, 56, EV 85.6 MPH)
Batting: SHB Raul Morales 0-0: Foul Ball, location: 2F
0-1: Fly out, F8 (Flyball, 8LD, EV 95.0 MPH)
Bottom of the 2nd over - 0 runs, 1 hit, 0 errors, 0 left on base; Charlotte 2 - Toledo 0
TOP OF THE 3RD
Charlotte Knights batting - Pitching for Toledo Mud Hens : RHP Wayne McAllister
Batting: RHB Justin Harris 0-0: Ball
1-0: Ball
2-0: Called Strike
2-1: Called Strike
2-2: Fly out, F8 (Line Drive, 8RM, EV 92.5 MPH)
Batting: RHB Jake Savell 0-0: Swinging Strike
0-1: Foul Ball, location: 2F
0-2: Ball
1-2: Ball
2-2: Ball
3-2: Base on Balls
Batting: RHB Jeff Brower 0-0: Called Strike
0-1: Ball
1-1: Fly out, F9 (Flyball, 89M, EV 90.6 MPH)
Batting: LHB Sonny Flood 0-0: Ball
1-0: Called Strike
1-1: Called Strike
1-2: Ball
2-2: Ball
3-2: Ground out 4-3 (Groundball, 4S, EV 72.5 MPH)
Top of the 3rd over - 0 runs, 0 hits, 0 errors, 1 left on base; Charlotte 2 - Toledo 0
BOTTOM OF THE 3RD
Toledo Mud Hens batting - Pitching for Charlotte Knights : RHP David Avelar
Batting: SHB Jamie Roberts 0-0: Called Strike
0-1: Foul Ball, location: 2F
0-2: Strikes out swinging
Batting: SHB Jared Boyce 0-0: Ball
1-0: Foul Ball, location: 2F
1-1: Swinging Strike
1-2: Strikes out swinging
Batting: RHB Josh Stinnett 0-0: Called Strike
0-1: Foul Ball, location: 2F
0-2: Ball
1-2: Strikes out swinging
Bottom of the 3rd over - 0 runs, 0 hits, 0 errors, 0 left on base; Charlotte 2 - Toledo 0
TOP OF THE 4TH
Charlotte Knights batting - Pitching for Toledo Mud Hens : RHP Wayne McAllister
Batting: LHB Brian Dickeson 0-0: Ball
1-0: Ball
2-0: Ground out U3 (Groundball, 3L, EV 83.1 MPH)
Batting: RHB Will Washburn 0-0: Ground out 6-3 (Groundball, 6, EV 92.5 MPH)
Batting: RHB Darwin Mills 0-0: Ball
1-0: Swinging Strike
1-1: Swinging Strike
1-2: Ball
2-2: Ball
3-2: Strikes out swinging
Top of the 4th over - 0 runs, 0 hits, 0 errors, 0 left on base; Charlotte 2 - Toledo 0
BOTTOM OF THE 4TH
Toledo Mud Hens batting - Pitching for Charlotte Knights : RHP David Avelar
Batting: RHB Brady Jeleniewski 0-0: Ball
1-0: Ball
2-0: Foul Ball, location: 2F
2-1: Ball
3-1: Base on Balls
Batting: LHB Jamel Alexander 0-0: Ball
1-0: Called Strike
1-1: Ball
2-1: Called Strike
2-2: Foul Ball, location: 2F
2-2: Foul Ball, location: 2F
2-2: Strikes out swinging
Brady Jeleniewski steals 2nd base
Batter strikes out.
Batting: RHB Tim Borden 0-0: Called Strike
0-1: Fly out, F8 (Flyball, 78M, EV 91.3 MPH)
Batting: RHB Dave Calder 0-0: Ground out 6-3 (Groundball, 6M, EV 100.6 MPH)
Bottom of the 4th over - 0 runs, 0 hits, 0 errors, 1 left on base; Charlotte 2 - Toledo 0
TOP OF THE 5TH
Charlotte Knights batting - Pitching for Toledo Mud Hens : RHP Wayne McAllister
Batting: RHB Erik Christensen 0-0: Foul Ball, location: 2F
0-1: Ball
1-1: Called Strike
1-2: Ball
2-2: DOUBLE (Groundball, 3L, EV 109.4 MPH)
Batting: RHB Harvey Harvey 0-0: Called Strike
0-1: Ball
1-1: Ball
2-1: Swinging Strike
2-2: Strikes out swinging
Batting: RHB Justin Harris 0-0: Ball
1-0: Foul Ball, location: 2F
1-1: Ball
2-1: Ball
3-1: Foul Ball, location: 2F
3-2: Foul Ball, location: 2F
3-2: Foul Ball, location: 2F
3-2: Foul Ball, location: 2F
3-2: Foul Ball, location: 2F
3-2: Base on Balls
Batting: RHB Jake Savell 0-0: Ball
1-0: Called Strike
1-1: Foul Ball, location: 2F
1-2: Fly out, F9 (Flyball, 9, EV 82.5 MPH)
Batting: RHB Jeff Brower 0-0: Called Strike
0-1: Called Strike
0-2: Strikes out looking
Top of the 5th over - 0 runs, 1 hit, 0 errors, 2 left on base; Charlotte 2 - Toledo 0
BOTTOM OF THE 5TH
Toledo Mud Hens batting - Pitching for Charlotte Knights : RHP David Avelar
Batting: RHB Zach Koblinski 0-0: Ball
1-0: Ball
2-0: Ball
3-0: Base on Balls
Batting: SHB Raul Morales 0-0: Called Strike
Zach Koblinski steals 2nd, throwing error, E2
Zach Koblinski to third
0-1: Ground out 6-3 (Groundball, 6, EV 109.4 MPH)
Zach Koblinski scores
Batting: SHB Jamie Roberts 0-0: Called Strike
0-1: Ball
1-1: Ball
2-1: Foul Ball, location: 2F
2-2: Ground out 1-3 (Groundball, P, EV 65.0 MPH)
Batting: SHB Jared Boyce 0-0: Called Strike
0-1: DOUBLE (Line Drive, 5D, EV 103.1 MPH)
Batting: RHB Josh Stinnett 0-0: Swinging Strike
0-1: Ball
1-1: Ball
2-1: Ball
3-1: Foul Ball, location: 2F
3-2: Strikes out swinging
Bottom of the 5th over - 1 run, 1 hit, 1 error, 1 left on base; Charlotte 2 - Toledo 1
TOP OF THE 6TH
Charlotte Knights batting - Pitching for Toledo Mud Hens : RHP Wayne McAllister
Batting: LHB Sonny Flood 0-0: Swinging Strike
0-1: Ball
1-1: Ball
2-1: Ball
3-1: Base on Balls
Batting: LHB Brian Dickeson 0-0: Called Strike
0-1: Ball
1-1: Foul Ball, location: 2F
1-2: Ball
2-2: Foul Ball, location: 2F
2-2: Strikes out swinging
Batting: RHB Will Washburn 0-0: Foul Ball, location: 2F
0-1: Ball
1-1: Foul Ball, location: 2F
1-2: Strikes out swinging
Batting: RHB Darwin Mills 0-0: Ball
1-0: Ball
2-0: Ball
3-0: Called Strike
3-1: Called Strike
3-2: Base on Balls
Sonny Flood to second
Pitching: RHP Ken Howington
Batting: RHB Erik Christensen 0-0: Foul Ball, location: 2F
0-1: Called Strike
0-2: Foul Ball, location: 2F
0-2: Foul Ball, location: 2F
0-2: Ball
1-2: Foul Ball, location: 2F
1-2: Fly out, F7 (Flyball, 7S, EV 85.6 MPH)
Top of the 6th over - 0 runs, 0 hits, 0 errors, 2 left on base; Charlotte 2 - Toledo 1
BOTTOM OF THE 6TH
Toledo Mud Hens batting - Pitching for Charlotte Knights : RHP David Avelar
Batting: RHB Brady Jeleniewski 0-0: Ball
1-0: Ball
2-0: Ball
3-0: Swinging Strike
3-1: Base on Balls
Batting: LHB Jamel Alexander 0-0: Ball
1-0: Ball
Brady Jeleniewski steals 2nd base
2-0: Ground out 6-3 (Groundball, 4MS, EV 86.3 MPH)
Brady Jeleniewski to third
Batting: RHB Tim Borden 0-0: Ball
1-0: Called Strike
1-1: Swinging Strike
1-2: Ball
2-2: Foul Ball, location: 2F
2-2: Strikes out looking
Batting: RHB Dave Calder 0-0: Foul Ball, location: 2F
0-1: Ball
1-1: Called Strike
1-2: Strikes out looking
Bottom of the 6th over - 0 runs, 0 hits, 0 errors, 1 left on base; Charlotte 2 - Toledo 1
TOP OF THE 7TH
Charlotte Knights batting - Pitching for Toledo Mud Hens : RHP Ken Howington
Batting: RHB Harvey Harvey 0-0: Ball
1-0: Ball
2-0: Ball
3-0: Called Strike
3-1: Ground out 5-3 (Groundball, 56, EV 99.4 MPH)
Batting: RHB Justin Harris 0-0: Called Strike
0-1: Ball
1-1: Swinging Strike
1-2: Ball
2-2: Foul Ball, location: 2F
2-2: Fly out, F8 (Line Drive, 8LD, EV 98.1 MPH)
Batting: RHB Jake Savell 0-0: Called Strike
0-1: Fly out, F5 (Line Drive, 5, EV 62.5 MPH)
Top of the 7th over - 0 runs, 0 hits, 0 errors, 0 left on base; Charlotte 2 - Toledo 1
BOTTOM OF THE 7TH
Toledo Mud Hens batting - Pitching for Charlotte Knights : RHP David Avelar
Batting: RHB Zach Koblinski 0-0: Swinging Strike
0-1: Ball
1-1: Foul Ball, location: 2F
1-2: Ball
2-2: Strikes out swinging
Pitching: RHP Stanislav Mamatsev
Batting: SHB Raul Morales 0-0: Swinging Strike
0-1: Called Strike
0-2: Ball
1-2: Strikes out looking
Batting: SHB Jamie Roberts 0-0: Reached on error, E4 (Groundball, 4, EV 100.6 MPH)
Batting: SHB Jared Boyce 0-0: Ball
1-0: Swinging Strike
1-1: Ball
2-1: Ball
3-1: Called Strike
3-2: Foul Ball, location: 2F
3-2: Strikes out swinging
Bottom of the 7th over - 0 runs, 0 hits, 1 error, 1 left on base; Charlotte 2 - Toledo 1
TOP OF THE 8TH
Charlotte Knights batting - Pitching for Toledo Mud Hens : RHP Ken Howington
Pitching: RHP Jose Esquibel
Batting: RHB Jeff Brower 0-0: Called Strike
0-1: DOUBLE (Groundball, 3L, EV 105.6 MPH)
Batting: LHB Sonny Flood 0-0: Intentional Walk
Batting: LHB Brian Dickeson 0-0: Called Strike
0-1: Ground out 4-3 (Groundball, 34D, EV 104.4 MPH)
Jeff Brower to third
Sonny Flood to second
Batting: RHB Will Washburn 0-0: Foul Ball, location: 2F
0-1: Foul Ball, location: 2F
0-2: Ball
1-2: Strikes out swinging
Batting: RHB Darwin Mills 0-0: Called Strike
0-1: Ball
1-1: Foul Ball, location: 2F
1-2: Ball
Wild Pitch!
Jeff Brower scores
Sonny Flood to third
2-2: Ball
Wild Pitch!
Sonny Flood scores
3-2: Strikes out swinging
Top of the 8th over - 2 runs, 1 hit, 0 errors, 0 left on base; Charlotte 4 - Toledo 1
BOTTOM OF THE 8TH
Toledo Mud Hens batting - Pitching for Charlotte Knights : RHP Stanislav Mamatsev
Now in LF: Casey Quinones
Batting: RHB Josh Stinnett 0-0: Foul Ball, location: 2F
0-1: Swinging Strike
0-2: Ball
1-2: Strikes out swinging
Batting: RHB Brady Jeleniewski 0-0: Ball
1-0: Foul Ball, location: 2F
1-1: Ball
2-1: Foul Ball, location: 2F
2-2: Foul Ball, location: 2F
2-2: Foul Ball, location: 2F
2-2: Ball
3-2: Strikes out swinging
Batting: LHB Jamel Alexander 0-0: Ball
1-0: Foul Ball, location: 2F
1-1: Called Strike
1-2: Strikes out looking
Bottom of the 8th over - 0 runs, 0 hits, 0 errors, 0 left on base; Charlotte 4 - Toledo 1
TOP OF THE 9TH
Charlotte Knights batting - Pitching for Toledo Mud Hens : RHP Jose Esquibel
Batting: RHB Erik Christensen 0-0: Ball
1-0: Swinging Strike
1-1: Ground out 6-3 (Groundball, 6, EV 102.5 MPH)
Batting: RHB Harvey Harvey 0-0: Ball
1-0: Ground out 6-3 (Groundball, 6, EV 85.0 MPH)
Batting: RHB Justin Harris 0-0: Foul Ball, location: 2F
0-1: Ground out 5-3 (Groundball, 56S, EV 86.9 MPH)
Top of the 9th over - 0 runs, 0 hits, 0 errors, 0 left on base; Charlotte 4 - Toledo 1
BOTTOM OF THE 9TH
Toledo Mud Hens batting - Pitching for Charlotte Knights : RHP Stanislav Mamatsev
Pitching: RHP Chris Rodgers
Batting: RHB Tim Borden 0-0: Called Strike
0-1: Foul Ball, location: 2F
0-2: Strikes out swinging
Pinch Hitting: LHB Andy Schumacher 0-0: Called Strike
0-1: Foul Ball, location: 2F
0-2: Ball
1-2: Ball
2-2: Ground out 5-3 (Groundball, 5, EV 110.6 MPH)
Batting: RHB Zach Koblinski 0-0: Ball
1-0: Ground out 6-3 (Groundball, 56, EV 87.5 MPH)
Bottom of the 9th over - 0 runs, 0 hits, 0 errors, 0 left on base; Charlotte 4 - Toledo 1
Thursday, March 31st , 2022 - OOTP Baseball 22.12 Build 89